 Dungeon Crawl Stone Soup version 0.31.0-11-ge490571c62 (webtiles) character file.

Game seed: 5814832899035250604

634316 Arcadio the Axe Maniac (level 27, -14/273 HPs)
             Began as a Hill Orc Monk on Jan 26, 2024.
             Was the Champion of the Shining One.
             Killed from afar by a Hell Sentinel (35 damage)
             ... with damnation
             ... on level 7 of a ziggurat.
             The game lasted 03:48:07 (80073 turns).

Arcadio the Axe Maniac (Hill Orc Monk)             Turns: 80073, Time: 03:48:08

Health: -14/273    AC: 38    Str: 44    XL:     27
Magic:  42/49      EV: 15    Int: 14    God:    the Shining One [******]
Gold:   637        SH: 15    Dex: 17    Spells: 26/26 levels left

rFire   + + +        l - +9 broad axe (flame)
rCold   + + +        h - +0 kite shield of Light {+Inv Fly Str+3}
rNeg    + + +        s - +8 plate armour {Will+}
rPois   +            D - +1 hat of Generosity {rElec rC+++ Int-4 Dex-2}
rElec   +            r - scarf {rC+ rF+}
rCorr   .            w - +1 pair of gloves of Foolhardiness {rPois Regen+ Str+2}
SInv    .            M - +2 pair of boots "Kaxtiduh" {Str+5 Stlth+}
Will    +++++        X - amulet "Xeadwu" {RegenMP Regen+ Str+3 Int+3} Stlth
                     P - ring "Sugoazxed" {^Contam rF+++ Will+ MP+9 Int+3}
HPRegen 2.25/turn    W - ring "Rialas" {Str+3 Int+2 Dex+6 Slay+2 Stlth+}
MPRegen 0.71/turn

%: no passive effects
@: flying, glowing, studying 4 skills
A: hooves 1, strong-willed 1, poison resistance, persistent drain
}: 5/15 runes: decaying, serpentine, slimy, silver, abyssal
a: Renounce Religion, Evoke Invisibility, Divine Shield, Cleansing Flame, Summon
Divine Warrior


You were on level 7 of a ziggurat.
You worshipped the Shining One.
The Shining One was exalted by your worship.
You visited 13 branches of the dungeon, and saw 54 of its levels.
You visited the Abyss 1 time.
You visited 1 ziggurat, and saw 7 of its levels.
You also visited: Trove, Ice Cave and Desolation.

You collected 9126 gold pieces.
You spent 8489 gold pieces at shops.

Inventory:

Hand Weapons
 l - a +9 broad axe of flaming (weapon)
Armour
 h - the +0 kite shield of Light (worn) {+Inv Fly Str+3}
   (You bought it in a shop on level 2 of the Orcish Mines)

   Str+3:     It affects your strength (+3).
   +Inv:      It lets you turn invisible.
   Fly:       It grants you flight.
 r - a scarf of resistance (worn)
 s - a +8 plate armour of willpower (worn)
 w - the +1 pair of gloves of Foolhardiness (worn) {rPois Regen+ Str+2}
   (You found it in a treasure trove)

   Str+2:     It affects your strength (+2).
   rPois:     It protects you from poison Regen+: It increases your rate of
   health regeneration.
 D - the +1 hat of Generosity (worn) {rElec rC+++ Int-4 Dex-2}
   (You acquired it on level 3 of the Vaults)

   Int-4:     It affects your intelligence (-4).
   Dex-2:     It affects your dexterity (-2).
   rC+++:     It renders you almost immune to cold.
   rElec:     It insulates you from electricity.
 M - the +2 pair of boots "Kaxtiduh" (worn) {Str+5 Stlth+}
   (You found it on level 9 of the Dungeon)

   Str+5:     It affects your strength (+5).
   Stlth+:    It makes you more stealthy.
Jewellery
 p - the ring of Hiabem {rPois rCorr}
   (You bought it in a shop on level 2 of the Dungeon)

   [ring of poison resistance]

   rPois:     It protects you from poison rCorr: It protects you from acid and
   corrosion.
 P - the ring "Sugoazxed" (left hand) {^Contam rF+++ Will+ MP+9 Int+3}
   (You bought it in a shop on level 1 of the Depths)

   [ring of magical power]

   Int+3:     It affects your intelligence (+3).
   rF+++:     It renders you almost immune to fire.
   Will+:     It increases your willpower.
   MP+9:      It affects your magic capacity (+9).
   ^Contam:   It causes magical contamination when unequipped.
 W - the ring "Rialas" (right hand) {Str+3 Int+2 Dex+6 Slay+2 Stlth+}
   (You took it off an ironbound convoker in the Desolation of Salt)

   [ring of dexterity]

   Str+3:     It affects your strength (+3).
   Int+2:     It affects your intelligence (+2).
   Dex+6:     It affects your dexterity (+6).
   Slay+2:    It affects your accuracy & damage with ranged weapons and melee
   (+2).
   Stlth+:    It makes you more stealthy.
 X - the amulet "Xeadwu" (around neck) {RegenMP Regen+ Str+3 Int+3}
   (You found it in a treasure trove)

   [amulet of magic regeneration]

   RegenMP:   It increases your rate of magic regeneration.
   Str+3:     It affects your strength (+3).
   Int+3:     It affects your intelligence (+3).
   Regen+:    It increases your rate of health regeneration.
Wands
 g - a wand of polymorph (26)
 j - a wand of acid (21)
 k - a wand of flame (174)
 H - a wand of mindburst (64)
 J - a wand of charming (20)
 R - a wand of iceblast (54)
Scrolls
 c - 18 scrolls of revelation
 o - 4 scrolls of summoning
 v - 11 scrolls of immolation
 y - 4 scrolls of silence
 z - 7 scrolls of fear
 E - 25 scrolls of teleportation
 I - 10 scrolls of poison
 S - 10 scrolls of fog
 Z - 4 scrolls of blinking
Potions
 a - 10 potions of cancellation
 b - a potion of berserk rage {unknown}
 f - 17 potions of haste
 i - 21 potions of curing
 n - 6 potions of might
 t - 4 potions of lignification
 u - 7 potions of resistance
 C - 8 potions of enlightenment
 F - 6 potions of ambrosia
 G - 7 potions of heal wounds
 K - 10 potions of attraction
 N - 16 potions of mutation
Miscellaneous
 d - a phial of floods
 m - a lightning rod (4/4)
 O - a sack of spiders
 T - a phantom mirror


   Skills:
 O Level 27 Fighting
 O Level 27 Axes
 + Level 26.2 Armour
 + Level 9.3 Dodging
 - Level 17.2 Shields
 O Level 27 Invocations
 + Level 10.6 Evocations


You had 26 spell levels left.
You didn't know any spells.
Your spell library contained the following spells:

 Spells                   Type           Power      Damage    Failure   Level
 Apportation              Tloc           0%         N/A       58%         1
 Foxfire                  Conj/Fire      0%         2x1d4     58%         1
 Freeze                   Ice            0%         1d3       58%         1
 Necrotise                Necr           0%         1d4       58%         1
 Sandblast                Erth           0%         2d4       58%         1
 Shock                    Conj/Air       0%         1d3       58%         1
 Slow                     Hex            0%         N/A       58%         1
 Sting                    Conj/Alch      0%         1d3       58%         1
 Summon Small Mammal      Summ           0%         N/A       58%         1
 Call Imp                 Summ           0%         N/A       73%         2
 Ensorcelled Hibernation  Hex/Ice        0%         N/A       73%         2
 Lesser Beckoning         Tloc           0%         N/A       73%         2
 Mercury Vapours          Alch/Air       0%         N/A       73%         2
 Static Discharge         Conj/Air       0%         3-3/arc   73%         2
 Sublimation of Blood     Necr           0%         N/A       73%         2
 Call Canine Familiar     Summ           0%         N/A       91%         3
 Confusing Touch          Hex            0%         N/A       91%         3
 Dazzling Flash           Conj/Hex       0%         N/A       91%         3
 Frozen Ramparts          Ice            0%         1d1       91%         3
 Gell's Gravitas          Tloc           0%         N/A       91%         3
 Hailstorm                Conj/Ice       0%         3d5       91%         3
 Mephitic Cloud           Conj/Alch/Air  0%         N/A       91%         3
 Passwall                 Erth           0%         N/A       91%         3
 Sigil of Binding         Hex            0%         N/A       91%         3
 Stone Arrow              Conj/Erth      0%         3d7       91%         3
 Swiftness                Air            0%         N/A       91%         3
 Teleport Other           Tloc           0%         N/A       91%         3
 Tukima's Dance           Hex            0%         N/A       91%         3
 Vampiric Draining        Necr           0%         2d6       91%         3
 Volatile Blastmotes      Fire/Tloc      0%         2d10      91%         3
 Airstrike                Air            0%         2d(0-16)  100%        4
 Anguish                  Hex/Necr       0%         N/A       100%        4
 Animate Armour           Summ/Erth      0%         N/A       100%        4
 Brom's Barrelling Bould  Conj/Erth      0%         2d3       100%        4
 Cause Fear               Hex            0%         N/A       100%        4
 Fulminant Prism          Conj/Alch      0%         3d5       100%        4
 Ignite Poison            Fire/Alch      0%         N/A       100%        4
 Iskenderun's Mystic Bla  Conj/Tloc      0%         2d3       100%        4
 Martyr's Knell           Necr/Summ      0%         N/A       100%        4
 Olgreb's Toxic Radiance  Alch           0%         N/A       100%        4
 Passage of Golubria      Tloc           0%         N/A       100%        4
 Summon Blazeheart Golem  Fire/Summ      0%         N/A       100%        4
 Summon Lightning Spire   Summ/Air       0%         N/A       100%        4
 Vhi's Electric Charge    Tloc/Air       0%         N/A       100%        4
 Alistair's Intoxication  Alch           0%         N/A       100%        5
 Arcjolt                  Conj/Air       0%         1d10      100%        5
 Curse of Agony           Necr           0%         N/A       100%        5
 Fireball                 Conj/Fire      0%         3d3       100%        5
 Irradiate                Conj/Alch      0%         3d11      100%        5
 Iskenderun's Battlesphe  Conj           0%         2d6       100%        5
 Lee's Rapid Deconstruct  Erth           0%         3d4*      100%        5
 Silence                  Hex/Air        0%         N/A       100%        5
 Summon Forest            Summ/Tloc      0%         N/A       100%        5
 Summon Mana Viper        Hex/Summ       0%         N/A       100%        5
 Yara's Violent Unravell  Hex/Alch       0%         3d3       100%        5
 Conjure Ball Lightning   Conj/Air       0%         3x3d6     100%        6
 Death Channel            Necr           0%         N/A       100%        6
 Plasma Beam              Fire/Air       0%         2x1d10    100%        6
 Sculpt Simulacrum        Ice/Alch       0%         N/A       100%        6
 Starburst                Conj/Fire      0%         6d3       100%        6
 Summon Cactus Giant      Summ           0%         N/A       100%        6
 Enfeeble                 Hex            0%         N/A       100%        7
 Orb of Destruction       Conj           0%         9d5       100%        7
 Ozocubu's Refrigeration  Ice            0%         4d7       100%        7
 Spellforged Servitor     Conj/Summ      0%         N/A       100%        7
 Summon Hydra             Summ           0%         N/A       100%        7
 Discord                  Hex            0%         N/A       100%        8
 Disjunction              Tloc           0%         N/A       100%        8
 Infestation              Necr           0%         N/A       100%        8
 Chain Lightning          Conj/Air       0%         N/A       100%        9
 Dragon's Call            Summ           0%         N/A       100%        9
 Fire Storm               Conj/Fire      0%         5d1       100%        9
 Polar Vortex             Ice            0%         N/A       100%        9
 Shatter                  Erth           0%         3d5*      100%        9


Dungeon Overview and Level Annotations

Branches:
Dungeon (15/15)            Temple (1/1) D:5            Lair (5/5) D:10
  Swamp (4/4) Lair:3        Snake (4/4) Lair:3        Slime (5/5) Lair:4
    Orc (2/2) D:9             Elf (3/3) Orc:2        Vaults (5/5) D:13
  Crypt (3/3) Vaults:3       Tomb (1/3) Crypt:3      Depths (4/4) D:15
    Zot (2/5) Depths:4      IceCv (visited)         Desolation (visited)

Altars:
Ashenzari
Cheibriados
Dithmenos
Elyvilon
Fedhas
Gozag
Hepliaklqana
Kikubaaqudgha
Makhleb
Nemelex Xobeh
Okawaru
Qazlal
Ru
Sif Muna
Trog
Uskayaw
Vehumet
Wu Jian
Xom
Yredelemnul
Zin
The Shining One
Beogh
Jiyva

Shops:
D:2 =   D:10 !   D:14 ?*=[[   Orc:2 (??[   Elf:1 ?[(*(   Elf:2 (   Elf:3 [
Snake:1 ([*   Vaults:2 ?   Vaults:3 [[   Depths:1 =:=

Portals:
Hell: Depths:1 Depths:2 Depths:3 Depths:4
Abyss: Depths:1 Depths:2 Depths:3 Depths:4
Pandemonium: Depths:2

Annotations:
D:4 1 runed translucent door, zurenarrh's ghost, amateur NaIE
D:8 3 runed translucent doors, Galthrax's ghost, novice GnSh
Depths:3 1 transporter


Innate Abilities, Weirdness & Mutations

You have large cloven feet.
You are strong-willed. (Will+)
Your system is resistant to poisons. (rPois)
Your health recovers twice as slowly from being drained.


Message History

The damnation engulfs the Hell Sentinel.
The Hell Sentinel completely resists.
Blink to where?
Press: ? - help, Dir - move target
As you read the scroll of blinking, it crumbles to dust.
Press: ? - help, v - describe, . - travel
Here: a Hell Sentinel (heavily wounded, haloed)
The floor.
Okay, then.
Unknown command.
You feel much better.
You are momentarily dazzled by a brilliant light.
What are your orders? t - Shout!
Orders for allies: a - Attack new target. r - Retreat! s - Stop attacking. g - Guard the area. f - Follow me.
Anything else - Cancel.
Gang up on whom?
Press: ? - help, Dir - move target, f - Hell Sentinel
Aim: a Hell Sentinel (heavily wounded, ally target, haloed) Attack!
Your angel hits the Hell Sentinel but does no damage. x2
You feel much better.
Your angel hits the Hell Sentinel but does no damage. x2
The Hell Sentinel gestures at you.
The sphere of damnation explodes!
The damnation engulfs you!!!
* * * LOW HITPOINT WARNING * * *
The damnation engulfs your angel!!! The Hell Sentinel gestures at you.
The sphere of damnation explodes!
The damnation engulfs you!!
* * * LOW HITPOINT WARNING * * *
The damnation engulfs your angel!!
Your angel gestures.
Your angel is healed somewhat.
The Hell Sentinel gestures at you.
The sphere of damnation explodes!
The damnation engulfs the Hell Sentinel.
The Hell Sentinel completely resists.
The damnation engulfs you!!
You die...

▓▓ ▓▓▓▓▓.▓▓▓▓▓
▓▓.........▓▓
▓▓...........▓▓
▓▓.............▓▓
▓............?)[▓
▓▓.........1.A"∩?▓▓
▓..∩....†.....!>:.▓
▓▓............1@?▓
▓...............▓
▓▓.............▓▓
▓▓...........▓▓
▓▓.........▓▓
▓▓▓▓▓.▓▓▓▓▓ ▓▓▓


You could see 2 Hell Sentinels and a friendly angel (summoned).

Vanquished Creatures
  the Royal Jelly (Slime:5)
  2 ancient liches
  A dread lich (Crypt:2)
  Boris (Depths:3)
  The ghost of Nornya the Convoker, a veteran MfSu of Ashenzari (Vaults:4)
  A curse toe (Zot:2)
  Saint Roka (Orc:2)
  A caustic shrike (Zig:7)
  Vashnia (Snake:4)
  2 golden dragons
  Nikola (Snake:3)
  A profane servitor (Abyss:3)
  the Enchantress (Depths:2)
  3 bone dragons
  3 pearl dragons (Zig:6)
  9 tentacled monstrosities
  A hellephant (Crypt:2)
  A Hell Sentinel (Zig:7)
  3 liches
  A deep elf blademaster (Elf:3)
  6 titans
  A deep elf master archer (Elf:3)
  2 sphinxes
  24 acid blobs
  2 quicksilver dragons
  Frances (D:14)
  2 death cobs
  5 ancient champions
  10 shadow dragons
  A tentacled starspawn (Abyss:3)
  2 thorn hunters
  Agnes (Snake:1)
  A fenstrider witch (Swamp:3)
  9 azure jellies
  Donald (Elf:2)
  8 tengu reavers
  5 storm dragons
  7 fire giants
  The ghost of Lueha the Eclecticist, an adept DECj of Vehumet (Elf:2)
  A daeva (Zig:6)
  3 revenants (Crypt:2)
  Roxanne (D:15)
  A nagaraja (Snake:4)
  2 quicksilver elementals (Zig:7)
  9 rockslimes
  9 deep elf sorcerers
  2 imperial myrmidons (Desolation)
  7 frost giants
  4 draconian knights
  2 draconian monks
  3 draconian shifters
  2 draconian scorchers
  13 vault wardens
  A reaper (Crypt:3)
  3 iron dragons
  5 deep elf elementalists
  10 ghouls
  A draconian stormcaller (Depths:4)
  4 spriggan defenders (Depths:2)
  13 quicksilver oozes
  4 orc warlords
  An angel (Zig:6)
  15 ironbound preservers
  15 formless jellyfish
  A draconian annihilator (Zot:1)
  5 ironbound thunderhulks
  5 black draconians
  An apis (Zig:6)
  12 stone giants
  24 very ugly things
  7 eleionomae
  2 green draconians (Zot:1)
  12 deep elf death magi
  5 deep elf demonologists
  8 vampire knights
  7 dire elephants
  2 bunyips (Swamp:4)
  5 deep elf annihilators
  7 red draconians
  2 halazid warlocks (Desolation)
  4 war gargoyles
  4 purple draconians
  Azrael (Elf:2)
  A minotaur (Lair:4)
  5 spark wasps
  5 yellow draconians
  The ghost of Skimidon the Spear-Bearer, a journeyman VSMo of Hepliaklqana (Lair:4)
  6 white draconians
  3 eidola
  A merfolk javelineer (Depths:4)
  A mummy priest (Tomb:1)
  9 ettins
  A merfolk impaler (Depths:4)
  2 crystal guardians (Desolation)
  Josephine (Orc:1)
  8 fire dragons
  An entropy weaver (shapeshifter) (D:14)
  The ghost of kaychamo the Covert, a journeyman FeSh of Gozag (Lair:5)
  9 yaktaur captains
  8 entropy weavers
  2 jiangshi (Crypt:1)
  5 ragged hierophants (Desolation)
  2 shambling mangroves (Swamp:4)
  5 deep elf high priests
  4 ice dragons
  33 vault guards
  15 hydras
  9 peacekeepers
  6 servants of whispers (Desolation)
  11 great orbs of eyes
  Fannar (Orc:1)
  6 spriggan air magi
  A rakshasa (Depths:2)
  3 ghost crabs
  4 salamander tyrants
  2 catoblepae
  A quicksilver dragon skeleton (Crypt:3)
  An ogre mage (D:15)
  7 alligators
  7 ironbound frosthearts
  5 spriggan skeletons
  13 anacondas
  9 two-headed ogres
  5 boulder beetles
  2 tengu warriors
  2 centaur warriors (D:15)
  7 deep troll shamans
  5 death yaks (IceCv)
  4 death knights
  9 naga warriors
  A titan zombie (Crypt:2)
  An orc high priest (Orc:1)
  3 vampire magi
  30 dancing weapons
  5 death scarabs (Tomb:1)
  4 thrashing horrors (Abyss:3)
  4 spriggan berserkers
  4 deep troll earth magi
  8 naga sharpshooters
  9 shock serpents
  14 spriggans
  4 soul eaters
  Sonja (Lair:3)
  5 fire crabs (Lair:4)
  17 deep elf knights
  9 hell knights
  29 skeletal warriors
  A titan skeleton (Tomb:1)
  5 skysharks
  A sixfirhy (Depths:2)
  9 iron trolls
  7 salamander mystics
  A storm dragon zombie (D:15)
  A sea snake (shapeshifter) (Depths:2)
  4 goliath frogs
  6 spatial maelstroms (Abyss:3)
  A golden dragon zombie (Vaults:5)
  48 deep trolls
  3 shadow wraiths (Crypt:2)
  A spark wasp zombie (D:15)
  A spriggan druid (Swamp:4)
  A sea snake (Snake:1)
  4 flayed ghosts
  A shadow demon (Depths:2)
  6 arcanists
  8 deep elf archers
  13 mana vipers
  4 glowing orange brains
  8 swamp dragons (Swamp:4)
  18 ironbound convokers
  10 bog bodies
  10 orc knights
  11 large abominations
  Pikel (D:6)
  9 lindwurms
  5 harpies
  5 naga ritualists
  31 deep elf zephyrmancers
  16 phantasmal warriors
  10 necromancers
  2 orc sorcerers
  38 ugly things
  27 deep elf pyromancers
  4 oklob plants (Lair:4)
  5 shining eyes
  4 moths of wrath
  16 salamanders
  7 cyclopes
  A moth of wrath (shapeshifter) (Vaults:5)
  34 black mambas
  2 frost giant zombies
  A stone giant zombie (Vaults:3)
  8 manticores
  A wolf spider (shapeshifter) (Depths:2)
  3 will-o-the-wisps (Swamp:1)
  A salamander (shapeshifter) (Vaults:5)
  9 vault sentinels
  5 kobold blastminers
  A stone giant skeleton (Vaults:5)
  A molten gargoyle (Desolation)
  2 black mambas (shapeshifter)
  9 guardian serpents
  An ice statue (IceCv)
  An apocalypse crab (Lair:4)
  13 elephants
  A cane toad (shapeshifter) (Elf:2)
  3 naga zombies
  An alligator snapping turtle zombie (Crypt:1)
  18 naga magi
  6 eyes of devastation
  An iron dragon skeleton (Crypt:2)
  23 cane toads
  A smoke demon (Abyss:3)
  Jeremiah (D:9)
  2 torpor snails
  An unseen horror (Depths:4)
  3 hellions
  A dire elephant skeleton (Crypt:2)
  12 komodo dragons
  2 alligator snapping turtle skeletons
  A naga skeleton (Crypt:3)
  18 yaktaurs
  3 freezing wraiths
  8 rime drakes
  2 tormentors (Abyss:3)
  3 efreet
  5 tengu conjurers
  A spectral naga (Snake:3)
  2 kobold demonologists (D:14)
  A death yak skeleton (Crypt:2)
  A pale draconian skeleton (Crypt:1)
  A polar bear (shapeshifter) (Elf:2)
  8 trolls
  9 tyrant leeches
  A harpy zombie (Crypt:2)
  9 polar bears
  43 saltlings (Desolation)
  2 hellwings (Abyss:3)
  A tarantella (shapeshifter) (Elf:2)
  A harpy skeleton (Abyss:3)
  18 hornets
  An iron troll skeleton (Crypt:2)
  Prince Ribbit (D:6)
  A raiju (Abyss:3)
  12 blink frogs
  An ettin zombie (Crypt:2)
  A boulder beetle zombie (Crypt:1)
  3 dream sheep (Lair:2)
  2 glass eyes
  4 air elementals
  2 centaur simulacra (Crypt:2)
  126 slime creatures
  3 shadows
  An ettin skeleton (Vaults:3)
  2 satyr skeletons
  A jumping spider (Vaults:1)
  A shapeshifter (Elf:2)
  A vampire (Abyss:3)
  8 water elementals
  5 small abominations
  5 wraiths
  6 wyverns
  Eustachio (D:6)
  An ushabti (Zig:1)
  10 golden eyes
  12 starcursed masses (Abyss:3)
  4 wargs
  7 fire elementals
  9 basilisks
  82 yaks
  A black mamba skeleton (Crypt:2)
  6 redbacks
  17 vampire mosquitoes
  A neqoxec (Abyss:2)
  A human simulacrum (Vaults:5)
  2 chaos spawn (Depths:4)
  A harpy simulacrum (Tomb:1)
  30 nagas
  16 swamp worms
  9 spatial vortices (Abyss:3)
  A hydra simulacrum (Crypt:2)
  16 water moccasins
  A merfolk skeleton (Crypt:3)
  A water moccasin (shapeshifter) (D:14)
  6 swamp drakes
  2 hell hounds (Elf:2)
  A glowing shapeshifter skeleton (Vaults:3)
  74 orc warriors
  A lindwurm zombie (Crypt:2)
  A black bear (shapeshifter) (Abyss:3)
  2 ice beasts (D:7)
  A black bear (D:7)
  3 sky beasts
  9 laughing skulls
  10 ogres
  16 centaurs
  A manticore skeleton (Crypt:3)
  34 wolves
  2 human skeletons
  A yaktaur zombie (Crypt:1)
  5 kobold brigands
  A phantom (D:7)
  19 bullfrogs
  3 scorpions
  4 necrophages
  A draconian skeleton (Crypt:3)
  2 earth elementals
  8 wights
  The ghost of dakkaduck the Chopper, a weakling MiBe of Trog (D:3)
  8 killer bees (D:9)
  10 electric eels
  4 howler monkeys
  8 hounds
  27 orc priests
  4 bombardier beetles
  A gnoll bouda (D:9)
  2 jellies (D:4)
  4 sleepcaps (D:6)
  6 iguanas
  25 orc wizards
  A boggart skeleton (Crypt:1)
  An ice beast zombie (Crypt:2)
  3 mummies (Tomb:1)
  2 howler monkey skeletons
  11 adders
  9 gnolls
  6 white imps
  3 ufetubi
  A jelly zombie (Crypt:2)
  A lava snake skeleton (Crypt:2)
  6 dart slugs
  A ribbon worm (shapeshifter) (Elf:3)
  3 ribbon worms
  118 orcs
  14 ball pythons
  3 bats (D:1)
  A bat zombie (Crypt:2)
  10 endoplasms
  4 giant cockroaches
  6 goblins
  10 hobgoblins
  3 jackals (D:4)
  A quokka (D:5)
  4 frilled lizards
  A jackal skeleton (Crypt:3)
  20 kobolds
  A river rat skeleton (Crypt:2)
  A spectral weapon (Depths:1)
  A starspawn tentacle (Abyss:3)
2406 creatures vanquished.

Vanquished Creatures (collateral kills)
  Bai Suzhen (Snake:3)
  Margery (Crypt:2)
  Rupert (D:15)
  Jorgrun (Elf:1)
  A frost giant (IceCv)
  2 cacodemons (Elf:2)
  A deep elf annihilator (Elf:1)
  Nessos (Lair:3)
  17 hydras
  A catoblepas (D:13)
  A boulder beetle (D:14)
  A death yak (IceCv)
  A naga warrior (Snake:3)
  2 centaur warriors (D:13)
  2 deep elf knights
  A fire crab (Lair:5)
  A goliath frog (Lair:5)
  A bog body (Swamp:4)
  2 swamp dragons (Swamp:4)
  A necromancer (Crypt:2)
  A deep elf archer (Elf:2)
  2 deep elf zephyrmancers
  An ugly thing (D:13)
  A deep elf pyromancer (Elf:1)
  4 elephants (Lair:5)
  A guardian serpent (shapeshifter) (Elf:1)
  2 cane toads (Lair:5)
  An unseen horror (shapeshifter) (Elf:2)
  A komodo dragon (Lair:3)
  A rime drake (IceCv)
  2 polar bears
  2 blink frogs
  A shadow (D:13)
  A yak (Lair:5)
  A vampire mosquito (Lair:5)
  A naga (shapeshifter) (Elf:2)
  An acid dragon (D:13)
  A water moccasin (Lair:2)
  3 swamp drakes (Swamp:4)
  A centaur (Orc:2)
  A kobold brigand (D:14)
  2 electric eels
  7 white imps (Lair:3)
  An orc (Orc:2)
  A kobold (D:14)
81 creatures vanquished.

Vanquished Creatures (others)
  Asterion (Depths:1)
  An eleionoma (Swamp:3)
  A fire dragon (Depths:2)
  2 deep trolls (Depths:3)
  3 bloated husks
  A water elemental (Depths:4)
  A spriggan (Depths:2)
  A warg (Vaults:5)
  2 small abominations (Depths:4)
  An orc wizard (Vaults:5)
  10 foxfires (Swamp:1)
  5 starspawn tentacles (Abyss:3)
29 creatures vanquished.

Grand Total: 2516 creatures vanquished

Notes
Turn   | Place    | Note
-------+----------+-------------------------------------------
     0 | D:1      | Arcadio the Hill Orc Monk began the quest for the Orb.
     0 | D:1      | Reached XP level 1. HP: 19/19 MP: 1/1
    78 | D:1      | Reached XP level 2. HP: 24/27 MP: 2/2
    92 | D:1      | Reached skill level 1 in Armour
   404 | D:1      | Reached XP level 3. HP: 27/33 MP: 3/3
   976 | D:2      | Found Focoschoe's Jewellery Emporium.
  1119 | D:2      | Reached XP level 4. HP: 41/41 MP: 4/4
  1451 | D:3      | Reached skill level 5 in Axes
  1569 | D:3      | Found a runed translucent gate.
  1570 | D:3      | Found a runed translucent gate.
  1577 | D:3      | Found a runed translucent gate.
  1579 | D:3      | Noticed dakkaduck's ghost (weakling MiBe)
  1651 | D:3      | Reached XP level 5. HP: 47/47 MP: 5/5
  1698 | D:3      | Reached skill level 5 in Fighting
  1791 | D:3      | Identified the amulet of Finality {RegenMP Dex+2}
  2066 | D:3      | Found a roughly hewn altar of Beogh.
  2103 | D:3      | Killed dakkaduck's ghost
  2233 | D:4      | Reached XP level 6. HP: 56/56 MP: 6/6
  2439 | D:4      | Found a runed translucent door.
  2439 | D:4      | Noticed zurenarrh's ghost (amateur NaIE)
  2648 | D:4      | Reached XP level 7. HP: 27/63 MP: 7/7
  3020 | D:5      | Entered Level 5 of the Dungeon
  3142 | D:5      | Found a staircase to the Ecumenical Temple.
  3150 | Temple   | Entered the Ecumenical Temple
  3162 | Temple   | Became a worshipper of the Shining One
  3162 | Temple   | Reached * piety under the Shining One
  3162 | Temple   | Reached ** piety under the Shining One
  3360 | D:5      | Reached skill level 5 in Armour
  3369 | D:5      | HP: 3/66 [burnt (4)]
  3374 | D:5      | HP: 2/66 [burnt (4)]
  3569 | D:5      | Reached XP level 8. HP: 73/73 MP: 8/8
  3968 | D:5      | Found a sparkling altar of Nemelex Xobeh.
  3971 | D:5      | Found a sacrificial altar of Ru.
  4271 | D:6      | Noticed Eustachio
  4719 | D:7      | Reached XP level 9. HP: 81/82 MP: 9/9
  4926 | D:6      | Noticed Pikel
  4935 | D:6      | Noticed Prince Ribbit
  4940 | D:6      | Killed Pikel
  4941 | D:6      | Reached skill level 10 in Axes
  4948 | D:6      | Found an ornate altar of the Wu Jian Council.
  4991 | D:6      | Killed Eustachio
  5021 | D:6      | Killed Prince Ribbit
  5470 | D:6      | Found a burning altar of Makhleb.
  5470 | D:6      | Noticed an Executioner
  5473 | D:6      | Noticed a hellwing
  5473 | D:6      | Noticed an orange demon
  5544 | D:7      | Reached *** piety under the Shining One
  5551 | D:7      | Reached skill level 10 in Fighting
  5625 | D:7      | Found a radiant altar of Vehumet.
  5744 | D:7      | Reached skill level 1 in Invocations
  6143 | D:6      | Reached XP level 10. HP: 40/93 MP: 11/11
  6815 | D:8      | Found a runed translucent gate.
  6816 | D:8      | Found a runed translucent gate.
  6817 | D:8      | Found a runed translucent gate.
  6817 | D:8      | Noticed Galthrax's ghost (novice GnSh)
  6819 | D:8      | Noticed a kobold demonologist
  7205 | D:8      | Reached **** piety under the Shining One
  7587 | D:9      | Noticed Jeremiah
  7628 | D:9      | Killed Jeremiah
  7861 | D:9      | Reached skill level 5 in Invocations
  8066 | D:9      | Identified the +3 leather armour of Ushar {rF+ Stlth+}
  8086 | D:9      | You fall into a shaft and drop 3 floors!
  8089 | D:12     | Noticed a manticore
  8121 | D:12     | Killed a manticore
  8395 | D:12     | Noticed a cyclops
  8402 | D:12     | Killed a cyclops
  8484 | D:12     | Reached XP level 11. HP: 45/102 MP: 15/15
  8592 | D:12     | Noticed a green ugly thing
  8642 | D:10     | Entered Level 10 of the Dungeon
  8649 | D:10     | Found a shimmering altar of Xom.
  8891 | D:9      | Identified the +2 pair of boots "Kaxtiduh" {Str+5 Stlth+}
  8914 | D:9      | Found a staircase to the Orcish Mines.
  8916 | D:9      | Reached skill level 10 in Armour
  8917 | D:9      | Reached ***** piety under the Shining One
  9557 | Orc:1    | Entered Level 1 of the Orcish Mines
  9620 | Orc:1    | Noticed a two-headed ogre
  9620 | Orc:1    | Noticed a stone giant
  9621 | Orc:1    | Noticed an orc knight
  9626 | Orc:1    | Found a roughly hewn altar of Beogh.
  9631 | Orc:1    | Noticed a two-headed ogre
  9885 | Orc:1    | Noticed an orc high priest
  9888 | Orc:1    | Noticed an orc sorcerer
  9895 | Orc:1    | Noticed an orc warlord
 10415 | D:10     | Found a staircase to the Lair.
 10577 | D:10     | Found Ullavvas's Distillery.
 10729 | D:10     | Bought a potion of heal wounds for 55 gold pieces
 10729 | D:10     | Bought a potion of curing for 33 gold pieces
 11544 | Lair:1   | Entered Level 1 of the Lair of Beasts
 11708 | Lair:1   | Reached XP level 12. HP: 82/113 MP: 18/18
 12060 | Lair:1   | Noticed a catoblepas
 12081 | Lair:1   | Killed a catoblepas
 12593 | Lair:1   | Reached skill level 10 in Invocations
 14338 | Lair:2   | Noticed a six-headed hydra
 14378 | Lair:2   | Killed a nine-headed hydra
 14379 | Lair:2   | Reached skill level 15 in Axes
 14541 | Lair:2   | Reached XP level 13. HP: 75/124 MP: 21/21
 16519 | Lair:3   | Found a frozen archway.
 16540 | IceCv    | Entered an ice cave
 16784 | IceCv    | Reached skill level 15 in Fighting
 17745 | IceCv    | Reached XP level 14. HP: 48/135 MP: 23/23
 18035 | IceCv    | Noticed a frost giant
 18081 | IceCv    | Killed a frost giant
 18524 | Lair:3   | Noticed an eleionoma
 18529 | Lair:3   | Found a staircase to the Swamp.
 18535 | Lair:3   | Killed an eleionoma
 18647 | Lair:3   | Found a staircase to the Snake Pit.
 18979 | Lair:3   | Noticed Sonja
 18989 | Lair:3   | Killed Sonja
 19481 | Lair:3   | Noticed Nessos
 19488 | Lair:3   | Killed Nessos
 21054 | Lair:4   | Found a runed translucent gate.
 21054 | Lair:4   | Found a runed translucent gate.
 21054 | Lair:4   | Found a runed translucent gate.
 21056 | Lair:4   | Noticed Skimidon's ghost (journeyman VSMo)
 21353 | Lair:4   | Found a runed translucent door.
 21508 | Lair:4   | Killed Skimidon's ghost
 21878 | Lair:4   | Reached XP level 15. HP: 98/145 MP: 26/26
 22584 | Lair:5   | Entered Level 5 of the Lair of Beasts
 22589 | Lair:5   | Reached skill level 15 in Invocations
 22610 | Lair:5   | Reached skill level 15 in Armour
 23310 | Lair:5   | Identified the +9 tower shield of Wrong Decisions {Harm
                  | rPois Str-2 Dex+3}
 24386 | Lair:5   | Found a runed translucent door.
 24409 | Lair:5   | Noticed kaychamo's ghost (journeyman FeSh)
 24459 | Lair:5   | Found a glowing silver altar of Zin.
 24916 | Lair:5   | Identified the +0 pair of boots of Disguise {Fly rCorr
                  | Str-5 Slay+3}
 24918 | Lair:5   | Identified the +8 scimitar of Wafuqeib {flame, rF+}
 25215 | Lair:5   | Killed kaychamo's ghost
 25481 | Lair:4   | Found a viscous altar of Jiyva.
 25572 | Lair:4   | Found a staircase to the Slime Pits.
 27146 | D:11     | Found a shimmering blue altar of Sif Muna.
 27630 | D:12     | Reached ****** piety under the Shining One
 28470 | D:13     | Reached XP level 16. HP: 157/157 MP: 28/28
 28555 | D:13     | Found a gate to the Vaults.
 29411 | D:14     | Noticed Frances
 29426 | D:14     | Killed Frances
 29512 | D:14     | Found Zismicus's Jewellery Emporium.
 29555 | D:14     | Found Coxzygge's General Store.
 29598 | D:14     | Bought a scroll of enchant armour for 120 gold pieces
 29598 | D:14     | Bought a potion of heal wounds for 80 gold pieces
 29598 | D:14     | Bought a scroll of identify for 32 gold pieces
 29635 | D:14     | Found Este's Magic Scroll Emporium.
 29643 | D:14     | Bought a scroll of acquirement for 676 gold pieces
 29643 | D:14     | Bought 3 scrolls of revelation for 292 gold pieces
 29643 | D:14     | Bought a scroll of teleportation for 39 gold pieces
 29643 | D:14     | Bought a scroll of identify for 26 gold pieces
 29643 | D:14     | Bought a scroll of blinking for 97 gold pieces
 29643 | D:14     | Bought a scroll of enchant armour for 97 gold pieces
 29643 | D:14     | Bought a scroll of identify for 26 gold pieces
 29643 | D:14     | Bought a scroll of identify for 26 gold pieces
 29643 | D:14     | Acquired the +2 pair of boots "Nuadoel" {Rampage rElec rC+
                  | Int+2}
 29672 | D:14     | Acquired 1042 gold pieces
 29839 | D:14     | Found Laett's Antique Armour Boutique.
 30179 | D:2      | Bought the ring of Hiabem {rPois rCorr} for 391 gold pieces
 30557 | Orc:1    | Noticed Fannar
 30560 | Orc:1    | Found a transporter.
 30569 | Orc:1    | Killed Fannar
 30734 | Orc:1    | Found a roughly hewn altar of Beogh.
 30847 | Orc:1    | Noticed Josephine
 30866 | Orc:1    | Killed Josephine
 31110 | Orc:2    | Entered Level 2 of the Orcish Mines
 31328 | Orc:1    | Found a roughly hewn altar of Beogh.
 31328 | Orc:1    | Found a transporter.
 31608 | Orc:2    | Found a staircase to the Elven Halls.
 31887 | Orc:2    | Noticed Saint Roka
 31943 | Orc:2    | Killed Saint Roka
 32532 | Orc:2    | Found Coonwow's Magic Scroll Emporium.
 32532 | Orc:2    | Found Yntach's Magic Scroll Shop.
 32534 | Orc:2    | Found Innarphar's Antique Armour Boutique.
 32536 | Orc:2    | Found Noinuol's Antique Weapon Shoppe.
 32549 | Orc:2    | Bought a spiked helmet for 209 gold pieces
 32549 | Orc:2    | Identified the +2 helmet of Kunueqar {rElec Will+ Stlth+}
                  | (You bought it in a shop on level 2 of the Orcish Mines)
 32549 | Orc:2    | Bought a fine kite shield for 209 gold pieces
 32549 | Orc:2    | Identified the +0 kite shield of Light {+Inv Fly Str+3}
                  | (You bought it in a shop on level 2 of the Orcish Mines)
 32598 | Orc:2    | Bought a scroll of teleportation for 39 gold pieces
 32598 | Orc:2    | Bought a scroll of revelation for 97 gold pieces
 32598 | Orc:2    | Bought a scroll of teleportation for 39 gold pieces
 32598 | Orc:2    | Bought 3 scrolls of enchant armour for 292 gold pieces
 32598 | Orc:2    | Bought a scroll of teleportation for 39 gold pieces
 32598 | Orc:2    | Bought a scroll of enchant weapon for 97 gold pieces
 32601 | Orc:2    | Bought a scroll of brand weapon for 104 gold pieces
 32601 | Orc:2    | Bought a scroll of teleportation for 33 gold pieces
 33080 | D:13     | Reached skill level 1 in Shields
 33110 | D:13     | Noticed a tengu reaver
 33116 | D:13     | Killed a tengu reaver
 33570 | D:14     | Found Anguz's Armour Shop.
 33695 | D:15     | Entered Level 15 of the Dungeon
 33742 | D:15     | Found a staircase to the Depths.
 33760 | D:15     | Reached XP level 17. HP: 150/166 MP: 29/29
 33988 | Orc:2    | Identified a +2 broad axe of holy wrath (a +0 broad axe
                  | blessed by the Shining One)
 33988 | Orc:2    | Received a gift from the Shining One
 34224 | D:15     | Identified the +9 quarterstaff of Destiny {drain, rN+ MP+9}
 34513 | D:15     | Noticed Roxanne
 34527 | D:15     | Killed Roxanne
 34876 | D:15     | Noticed Rupert
 34884 | D:15     | Killed Rupert
 35262 | Snake:1  | Entered Level 1 of the Snake Pit
 35295 | Snake:1  | Noticed Agnes
 35307 | Snake:1  | Killed Agnes
 35867 | Snake:1  | Found Gioxt's Antique Armour Emporium.
 35870 | Snake:1  | Found Exeikk's Antique Weapon Shop.
 35870 | Snake:1  | Found Vauxor's General Store.
 35884 | Snake:1  | Bought a scroll of fear for 56 gold pieces
 35884 | Snake:1  | Bought a scroll of revelation for 105 gold pieces
 36030 | Snake:2  | Reached skill level 5 in Shields
 36964 | Snake:3  | Noticed Nikola
 36978 | Snake:3  | Killed Nikola
 37026 | Snake:3  | Identified the +3 leather armour "Zyamayl" {^Contam +Blink
                  | Fly Stlth+}
 37500 | Snake:3  | Noticed Bai Suzhen
 37532 | Snake:3  | Killed Bai Suzhen
 37560 | Snake:3  | Reached XP level 18. HP: 52/176 MP: 6/31
 37955 | Snake:4  | Entered Level 4 of the Snake Pit
 37958 | Snake:4  | Identified the +11 mace of the Sea {venom, ^Fragile Str+5
                  | Int+3}
 38438 | Snake:4  | Identified the +1 leather armour of Fortification {-Tele
                  | rElec rF+++}
 38967 | Snake:4  | Noticed Vashnia
 38981 | Snake:4  | Killed Vashnia
 40927 | Swamp:1  | Entered Level 1 of the Swamp
 41484 | Swamp:1  | You are sucked into a shaft and drop 1 floor!
 41755 | Swamp:4  | Entered Level 4 of the Swamp
 41760 | Swamp:4  | Reached XP level 19. HP: 186/187 MP: 32/32
 41940 | Swamp:4  | Got a mossy gem with 825 turns to spare
 42794 | Swamp:3  | Lost the mossy gem through the power of Zot.
 43600 | Elf:1    | Entered Level 1 of the Elven Halls
 43611 | Elf:1    | Reached skill level 10 in Shields
 43728 | Elf:1    | Paralysed by an air elemental for 1 turns
 43733 | Elf:1    | Paralysed by an air elemental for 1 turns
 43825 | Elf:1    | Noticed Jorgrun
 43838 | Elf:1    | Killed Jorgrun
 44168 | Elf:1    | Got the Guidebook on Confrontation
 44404 | Elf:1    | Found Cyafaoc's Magic Scroll Boutique.
 44416 | Elf:1    | Bought a scroll of enchant armour for 90 gold pieces
 44416 | Elf:1    | Bought a scroll of blinking for 90 gold pieces
 44416 | Elf:1    | Bought a scroll of enchant weapon for 90 gold pieces
 44416 | Elf:1    | Bought a scroll of enchant weapon for 90 gold pieces
 44450 | Elf:1    | Found Runwulac's Armour Shoppe.
 44479 | Elf:1    | You are sucked into a shaft and drop 1 floor!
 44496 | Elf:2    | Reached XP level 20. HP: 198/198 MP: 34/34
 44564 | Elf:2    | Identified the blade talisman of Dowdy Wonder {rPois rC+}
 44586 | Elf:2    | Found a runed translucent gate.
 44589 | Elf:2    | Found a runed translucent gate.
 44589 | Elf:2    | Found a runed translucent gate.
 45092 | Elf:2    | Found Xinkach's Antique Weapon Emporium.
 45152 | Elf:2    | Noticed Donald
 45166 | Elf:2    | Killed Donald
 45745 | Elf:2    | Noticed Azrael
 45747 | Elf:2    | Killed Azrael
 45852 | Elf:2    | Found a runed translucent gate.
 45853 | Elf:2    | Found a runed translucent gate.
 45853 | Elf:2    | Found a runed translucent gate.
 46466 | Elf:2    | Found a runed translucent gate.
 46466 | Elf:2    | Found a runed translucent gate.
 46469 | Elf:2    | Found a runed translucent gate.
 46479 | Elf:2    | Noticed Lueha's ghost (adept DECj)
 46593 | Elf:1    | Found Dymuujud's Antique Weapon Boutique.
 46672 | Elf:1    | Found Pauwk's General Store.
 46711 | Elf:1    | Found Uharrosk's Antique Weapon Shop.
 47080 | Elf:3    | Entered Level 3 of the Elven Halls
 47373 | Elf:3    | Found Doabreock's Antique Armour Shoppe.
 47643 | Elf:3    | Found a portal to a secret trove of treasure.
 49064 | Slime:1  | Entered Level 1 of the Pits of Slime
 49411 | Slime:1  | Gained mutation: You are occasionally teleported next to
                  | monsters. [a shining eye]
 49415 | Slime:1  | Gained mutation: You sometimes lose your temper in combat.
                  | [a shining eye]
 49417 | Slime:1  | Gained mutation: Your spells are a little easier to cast,
                  | but a little less powerful. [a shining eye]
 49420 | Slime:1  | Lost mutation: You are occasionally teleported next to
                  | monsters. [potion of mutation]
 49420 | Slime:1  | Lost mutation: Your spells are a little easier to cast, but
                  | a little less powerful. [potion of mutation]
 49420 | Slime:1  | Gained mutation: Your magical capacity is low. (-10% MP)
                  | [potion of mutation]
 50236 | Slime:2  | Paralysed by a formless jellyfish for 1 turns
 50244 | Slime:2  | Paralysed by a formless jellyfish for 1 turns
 50493 | Slime:1  | Reached XP level 21. HP: 171/206 MP: 7/32
 52071 | Slime:5  | Entered Level 5 of the Pits of Slime
 52449 | Slime:5  | Gained mutation: Your flesh is heat resistant. (rF+) [a
                  | shining eye]
 52453 | Slime:5  | Noticed the Royal Jelly
 52465 | Slime:5  | Killed the Royal Jelly
 52863 | Slime:5  | Gained mutation: Your health recovers twice as slowly from
                  | being drained. [a shining eye]
 52865 | Slime:5  | Gained mutation: Your flesh is cold resistant. (rC+) [a
                  | shining eye]
 53016 | Slime:5  | Identified the +10 morningstar of Expedience {freeze, SInv
                  | Stlth+}
 53018 | Slime:5  | Identified the +8 plate armour "Luezetuz" {rN+ MP-9 Int+5
                  | Slay+2}
 53075 | Slime:5  | Identified the quicksilver dragon scales of Past Mistakes
                  | {rPois Will+ Int+3}
 53100 | Slime:5  | Identified the +1 scale mail "Nifin" {+Inv Str+2 Dex+2}
 53112 | Slime:5  | Identified the +3 scimitar "Wyajuoto" {speed, Int+3 Stlth+}
 53711 | Slime:1  | Gained mutation: You are frail. (-10% HP) [a shining eye]
 54180 | Lair:4   | Lost mutation: You sometimes lose your temper in combat.
                  | [potion of mutation]
 54180 | Lair:4   | Lost mutation: Your flesh is heat resistant. (rF+) [potion
                  | of mutation]
 54180 | Lair:4   | Lost mutation: Your flesh is cold resistant. (rC+) [potion
                  | of mutation]
 54180 | Lair:4   | Gained mutation: Your spells are a little harder to cast,
                  | but a little more powerful. [potion of mutation]
 54181 | Lair:4   | Lost mutation: Your magical capacity is low. (-10% MP)
                  | [potion of mutation]
 54181 | Lair:4   | Lost mutation: Your spells are a little harder to cast, but
                  | a little more powerful. [potion of mutation]
 54181 | Lair:4   | Gained mutation: You occasionally lose the ability to drink
                  | potions when taking damage. [potion of mutation]
 54181 | Lair:4   | Gained mutation: You occasionally lose the ability to read
                  | scrolls when taking damage. [potion of mutation]
 54182 | Lair:4   | Lost mutation: Your health recovers twice as slowly from
                  | being drained. [potion of mutation]
 54182 | Lair:4   | Lost mutation: You occasionally lose the ability to drink
                  | potions when taking damage. [potion of mutation]
 54182 | Lair:4   | Lost mutation: You occasionally lose the ability to read
                  | scrolls when taking damage. [potion of mutation]
 54182 | Lair:4   | Gained mutation: Your spells are a little harder to cast,
                  | but a little more powerful. [potion of mutation]
 54182 | Lair:4   | Gained mutation: Your movements are slightly less
                  | encumbered by armour. (ER -2) [potion of mutation]
 54183 | Lair:4   | Lost mutation: Your spells are a little harder to cast, but
                  | a little more powerful. [potion of mutation]
 54183 | Lair:4   | Lost mutation: You are frail. (-10% HP) [potion of
                  | mutation]
 54183 | Lair:4   | Gained mutation: You have sharp fingernails. [potion of
                  | mutation]
 54183 | Lair:4   | Gained mutation: You have hidden genetic potential. [potion
                  | of mutation]
 54516 | Elf:3    | Reached XP level 22. HP: 217/217 MP: 37/37
 55381 | Elf:3    | Got the Codex of the Modern Tables
 55456 | Elf:3    | Identified the +3 chain mail of the Buccaneer {Rampage rC+
                  | MP-9}
 55910 | Snake:1  | Bought a runed plate armour for 1066 gold pieces
 56055 | D:10     | Bought a potion of mutation for 88 gold pieces
 56055 | D:10     | Bought a potion of lignification for 33 gold pieces
 56055 | D:10     | Bought a potion of ambrosia for 88 gold pieces
 56468 | Vaults:1 | Entered Level 1 of the Vaults
 56988 | Vaults:1 | Found a roughly hewn altar of Beogh.
 58304 | Vaults:2 | Gained mutation: You have a pair of small horns on your
                  | head. [hidden potential]
 58772 | Vaults:2 | Reached XP level 23. HP: 227/227 MP: 38/38
 58931 | Vaults:2 | Found Taleis Goob's Magic Scroll Shop.
 58960 | Vaults:2 | Bought a scroll of silence for 142 gold pieces
 58960 | Vaults:2 | Bought a scroll of summoning for 142 gold pieces
 58960 | Vaults:2 | Bought a scroll of enchant armour for 112 gold pieces
 59126 | Vaults:3 | Found the +7 sceptre of Torment {pain, torment}
 59134 | Vaults:3 | Acquired the +1 hat of Generosity {rElec rC+++ Int-4 Dex-2}
 59386 | Vaults:3 | Found Pomalefy's Armour Boutique.
 59446 | Vaults:3 | Found a staircase to the Crypt.
 59446 | Vaults:3 | Found an ancient bone altar of Kikubaaqudgha.
 59446 | Vaults:3 | Found a basalt altar of Yredelemnul.
 59605 | Vaults:3 | Found a crumbling gateway.
 59614 | Desolati | Entered the Desolation of Salt
 59898 | Desolati | Reached skill level 15 in Shields
 59921 | Desolati | Identified the +6 mace of Dividends {freeze, *Noise Will-
                  | Str+7}
 59930 | Desolati | Got Cenuox's Reference Book on Reconfiguration
 59943 | Desolati | Identified the +9 quarterstaff "Puduhip" {holy, rC+ Dex+3
                  | Stlth+}
 60189 | Desolati | Got the Monograph on Cold Blasphemous Magic
 60202 | Desolati | Got Sif Muna's Parchment of the Fault and Death
 60249 | Desolati | Found the +4 skin of Zhor {*Englaciate rC+++ SInv}
 60410 | Desolati | Identified the ring "Rialas" {Str+3 Int+2 Dex+6 Slay+2
                  | Stlth+}
 60427 | Desolati | Got Sif Muna's Handbook of Fuming Command
 60732 | Vaults:3 | Found Fulenweph's Armour Shop.
 61239 | Vaults:4 | Noticed an ancient lich
 61250 | Vaults:4 | Killed an ancient lich
 61299 | Vaults:4 | Paralysed by a formless jellyfish for 1 turns
 62057 | Vaults:4 | Gained mutation: You have sharp toenails. [hidden
                  | potential]
 62057 | Vaults:4 | Lost mutation: You have hidden genetic potential. [hidden
                  | potential expressed]
 62295 | Vaults:4 | Found a runed translucent door.
 62295 | Vaults:4 | Noticed Nornya's ghost (veteran MfSu)
 62312 | Vaults:4 | Killed Nornya's ghost
 62526 | Crypt:1  | Entered Level 1 of the Crypt
 62698 | Crypt:1  | Reached XP level 24. HP: 198/238 MP: 39/39
 64060 | Crypt:2  | Noticed Margery
 64098 | Crypt:2  | Killed Margery
 64231 | Crypt:3  | Entered Level 3 of the Crypt
 64781 | Crypt:3  | Found a staircase to the Tomb.
 64793 | Tomb:1   | Entered Level 1 of the Tomb of the Ancients
 65009 | Crypt:3  | Noticed a dread lich
 65011 | Crypt:3  | Noticed an ancient lich
 65047 | Crypt:2  | Killed a dread lich
 65160 | Crypt:3  | Killed an ancient lich
 65351 | Crypt:3  | Identified the staff of Absolution {rPois rC+ Dex+6 Stlth+
                  | Alchemy}
 65356 | Crypt:3  | Identified the staff of Evil {rPois MP+9 Int-3 Ice Earth}
 65636 | Tomb:1   | Identified the +5 bardiche "Killer Bee's Foe" {flame,
                  | *Corrode Int+6}
 66104 | Tomb:1   | Noticed a royal mummy
 66518 | Vaults:5 | Entered Level 5 of the Vaults
 67226 | Vaults:5 | Reached XP level 25. HP: 249/249 MP: 39/39
 67673 | Vaults:5 | Reached skill level 27 in Axes
 68096 | Vaults:5 | Reached skill level 1 in Evocations
 68104 | Vaults:5 | Identified the +1 broad axe of Friendship {speed, rC+ rCorr
                  | Dex+3}
 68924 | Vaults:5 | Identified the +3 dagger of the Heart {drain, rElec rF+
                  | Int+2 Dex-3}
 69075 | Vaults:5 | Identified the +11 demon trident "Nemuoroz" {vamp, rF+ rC-
                  | Will+ Str+2}
 69101 | Vaults:5 | Identified the +1 buckler of the Louse {rPois Dex+5 Stlth-}
 69104 | Vaults:5 | Identified the +3 leather armour "Tedex" {Regen+ Str+2
                  | Int+2 Stlth+}
 69166 | Vaults:5 | Got a silver rune of Zot
 69299 | Vaults:5 | Identified the ring "Jaaph" {rF+ rC+}
 69335 | Vaults:5 | Identified the +1 pair of boots "Kugin" {Str+3 Int+2}
 70107 | Snake:4  | Got a serpentine rune of Zot
 70396 | Swamp:4  | Got a decaying rune of Zot
 70641 | Slime:5  | Got a slimy rune of Zot
 70945 | Depths:1 | Entered Level 1 of the Depths
 71245 | Depths:1 | Found Poomn's Jewellery Emporium.
 71247 | Depths:1 | Found Beekous's Book Boutique.
 71249 | Depths:1 | Found Feucod's Jewellery Emporium.
 71256 | Depths:1 | Bought a manual of Armour for 1920 gold pieces
 71276 | Depths:1 | Found a one-way gate to the infinite horrors of the Abyss.
 71362 | Depths:1 | Found a gateway to Hell.
 71505 | Depths:1 | Found a white marble altar of Elyvilon.
 71554 | Depths:1 | Noticed Asterion
 71563 | Depths:1 | Killed Asterion
 71922 | Depths:2 | Noticed the Enchantress
 71932 | Depths:2 | Reached skill level 5 in Evocations
 71933 | Depths:2 | Killed the Enchantress
 71934 | Depths:2 | Reached skill level 5 in Dodging
 72112 | Depths:2 | Reached XP level 26. HP: 98/260 MP: 36/40
 72287 | Depths:2 | Found a one-way gate leading to the halls of Pandemonium.
 73208 | Depths:3 | Found a one-way gateway to a ziggurat.
 73558 | Depths:3 | You are sucked into a shaft and drop 1 floor!
 73558 | Depths:4 | Entered Level 4 of the Depths
 73755 | Depths:3 | Found a shimmering blue altar of Sif Muna.
 73759 | Depths:3 | Found a transporter.
 73765 | Depths:3 | Identified the amulet "Fihaokaf" {Spirit rC+ Str-3 Dex+3
                  | Stlth+}
 74434 | Depths:4 | Noticed Boris
 74457 | Depths:3 | Killed Boris
 74660 | Depths:4 | Found a gate to the Realm of Zot.
 75092 | Zot:1    | Entered Level 1 of the Realm of Zot
 76152 | Zot:1    | Reached skill level 27 in Invocations
 77127 | Zot:2    | Reached XP level 27. HP: 264/271 MP: 40/40
 77245 | Depths:2 | Voluntarily entered the Abyss.
 77303 | Abyss:2  | Found a corrupted altar of Lugonu.
 77750 | Abyss:3  | Got an abyssal rune of Zot
 77764 | Depths:2 | Escaped the Abyss
 78317 | Elf:3    | You showed the abyssal rune of Zot to enter a treasure
                  | trove
 78318 | Trove    | Entered a treasure trove
 78337 | Trove    | Identified the amulet "Xeadwu" {RegenMP Regen+ Str+3 Int+3}
 78368 | Trove    | Identified the +0 crystal plate armour of Fuff {rN+}
 78397 | Trove    | Identified the +1 pair of gloves of Foolhardiness {rPois
                  | Regen+ Str+2}
 78769 | Depths:1 | Bought the ring "Sugoazxed" {^Contam rF+++ Will+ MP+9
                  | Int+3} for 1229 gold pieces
 79241 | Elf:2    | Killed Lueha's ghost
 79394 | Elf:2    | Gained mutation: You occasionally shout uncontrollably at
                  | your foes. [mutagenic glow]
 79405 | Elf:2    | Gained mutation: You are weak. (Str -2) [mutagenic glow]
 79420 | Elf:2    | Gained mutation: You have hidden genetic defects.
                  | [mutagenic glow]
 79431 | Elf:2    | Gained mutation: Your body sometimes deteriorates upon
                  | taking damage. [mutagenic glow]
 79516 | Elf:2    | Lost mutation: You occasionally shout uncontrollably at
                  | your foes. [potion of mutation]
 79516 | Elf:2    | Lost mutation: You have hidden genetic defects. [potion of
                  | mutation]
 79516 | Elf:2    | Lost mutation: You have sharp fingernails. [potion of
                  | mutation]
 79516 | Elf:2    | Gained mutation: You have a somewhat thin skeletal
                  | structure. (Dex +2, Stealth+) [potion of mutation]
 79517 | Elf:2    | Lost mutation: Your body sometimes deteriorates upon taking
                  | damage. [potion of mutation]
 79517 | Elf:2    | Lost mutation: Your movements are slightly less encumbered
                  | by armour. (ER -2) [potion of mutation]
 79517 | Elf:2    | Lost mutation: You have a pair of small horns on your head.
                  | [potion of mutation]
 79517 | Elf:2    | Gained mutation: Your system is resistant to poisons.
                  | (rPois) [potion of mutation]
 79517 | Elf:2    | Gained mutation: Your health recovers twice as slowly from
                  | being drained. [potion of mutation]
 79518 | Elf:2    | Lost mutation: You have sharp toenails. [potion of
                  | mutation]
 79518 | Elf:2    | Lost mutation: You are weak. (Str -2) [potion of mutation]
 79518 | Elf:2    | Lost mutation: You have a somewhat thin skeletal structure.
                  | (Dex +2, Stealth+) [potion of mutation]
 79518 | Elf:2    | Gained mutation: You have large cloven feet. [potion of
                  | mutation]
 79518 | Elf:2    | Gained mutation: You are strong-willed. (Will+) [potion of
                  | mutation]
 79855 | Zig:1    | Entered Level 1 of a ziggurat
 79872 | Zig:2    | Entered Level 2 of a ziggurat
 79894 | Zig:3    | Entered Level 3 of a ziggurat
 79917 | Zig:4    | Entered Level 4 of a ziggurat
 79974 | Zig:5    | Entered Level 5 of a ziggurat
 80012 | Zig:6    | Entered Level 6 of a ziggurat
 80023 | Zig:6    | Reached skill level 10 in Evocations
 80028 | Zig:6    | Reached skill level 27 in Fighting
 80049 | Zig:7    | Entered Level 7 of a ziggurat
 80073 | Zig:7    | Killed from afar by a Hell Sentinel

Illustrated notes

Levels and vault maps discovered:
D:1:      dpeg_arrival_arbitrary_b, layout_loops_ring
D:2:      layout_rooms, serial_shops, shop
D:3:      layout_basic, biasface_ghost_orc_armoury
D:4:      layout_basic, gammafunk_ghost_grave, minmay_distorted
D:5:      nicolae_cairo_tiling_large_dashed, layout_basic,
          nicolae_overflow_squiral, minmay_temple_entry_proselytizer,
          st_stairs_5, minmay_fractal_squares_diagonal_5
D:6:      layout_rooms, general_overflow_altar, makhleb_altar_promises_db,
          enter_ossuary_5, bh_walls_and_bars, uniq_prince_ribbit1,
          uniq_eustachio, uniq_pikel
D:7:      layout_basic, mainiacjoe_overflow_alcove_2
D:8:      layout_loops_ring, serial_co_window_serial, co_window_paths_a,
          co_window_of_opportunity_a, co_window_corner_a,
          co_window_of_opportunity_a, co_window_corner_a, co_window_paths_b,
          co_window_of_opportunity_b, co_window_paths_c, co_window_corner_b,
          co_window_corner_cb, co_window_2corner, co_window_paths_d,
          glass_columns_a, glass_columns_b, glass_columns_a, glass_columns_b,
          glass_columns_c, gammafunk_ghost_nasty_kobolds
D:9:      layout_roguey, erik_orc_1, dreamdust_princess_corridor, hex_tiny,
          uniq_jeremiah
D:10:     layout_irregular_city, mainiacjoe_overflow_chevrons, erik_lair_island,
          serial_shops, nicolae_shop_industrial_runoff
D:11:     layout_stronghold, dreamdust_wishing_well, lemuel_blue_sif_altar
D:12:     layout_irregular_city
D:13:     layout_big_octagon, skrybe_vaults_entry_preservation,
          evilmike_minifort
D:14:     layout_irregular_city, chequers_jeans, serial_shops,
          nicolae_shop_waterfront, shop, nicolae_shop_behind_doors,
          nicolae_shop_hallway_plus, nicolae_shop_waterfront,
          grunt_ministairs_10, uniq_frances
D:15:     gammafunk_depths_entry_grave, layout_basic, palyth_stone_intersect,
          lemuel_nasty_fountain, uniq_roxanne, uniq_rupert
Temple:   nicolae_temple_bog_church
Lair:1:   layout_cave_pods, st_stairs_12, serial_bayou_shore_a,
          lemuel_fruit_tree, grunt_megastairs_5
Lair:2:   nzn_winding_woodlands_stair_trap
          [nzn_winding_woodlands_5x15_concentric,
          nzn_winding_woodlands_5x15_garden, nzn_winding_woodlands_5x15_pool,
          nzn_winding_woodlands_15x15_thick_spiral,
          nzn_winding_woodlands_5x15_river_crossing,
          nzn_winding_woodlands_5x15_sidewinder,
          nzn_winding_woodlands_5x15_eye], layout_loops_ring,
          infiniplex_staircase_pool
Lair:3:   layout_cave_pods, alex1729_swamp_entry_worm_eleionoma,
          minmay_snake_entry_guardpost_small, portal_ice_cave_entry_imps,
          amcnicky_mini_pool_medium, grunt_megastairs_1, uniq_sonja, uniq_nessos
Lair:4:   gammafunk_mikee_crab_dinner, layout_loops_ring,
          minmay_slime_entry_oklob_enclosed, maelrawn_ghost_gauntlet_escape
Lair:5:   minmay_lair_end_frog_pond, layout_small_grid,
          ebering_ghost_inner_flame, basic_altar, st_stairs_4, minivault_26
Swamp:1:  layout_basic_swamp, hangedman_swamp_pad, nzn_swamp_dancing_lights
Swamp:2:  layout_basic_swamp, evilmike_swamp_ruin_house_2, swamp_pool_3
Swamp:3:  layout_basic_swamp, evilmike_swamp_ruin_house_6
Swamp:4:  swamp_basic_johnstein, layout_basic_swamp
Snake:1:  layout_rooms, nicolae_wooded_promenade, nicolae_zig_zag_zippers,
          uniq_agnes
Snake:2:  layout_onion_interference
Snake:3:  layout_misc_corridors, nicolae_snake_ghostly_warrior_ritual,
          uniq_nikola, uniq_bai_suzhen
Snake:4:  snake_pit_salamanders_mu, layout_cave_town, uniq_vashnia
Slime:1:  layout_caves
Slime:2:  layout_caves
Slime:3:  layout_caves
Slime:4:  layout_caves, basic_altar
Slime:5:  slime_pit
Orc:1:    gammafunk_beogh_shrine, layout_diamond_mine, basic_altar,
          mines2_david, uniq_josephine, uniq_fannar
Orc:2:    st_orc_rangers, layout_caves, uniq_saint_roka
Elf:1:    minmay_elf_arrival_summoners, layout_geoelf_grid, serial_shops, shop,
          nicolae_shop_getting_attention, shop, shop, shop,
          minmay_elf_annihilation, kennysheep_underground_church, uniq_jorgrun
Elf:2:    nicolae_elf_blades_crystal_corner, layout_gridlike,
          ploomutoo_gammafunk_ghost_potion_laboratory, minmay_shop_star,
          uniq_azrael, uniq_donald
Elf:3:    minmay_elf_hall_dome, layout_rooms, serial_shops,
          nicolae_diamond_shop, trove_entry_hex_spiral
Vaults:1: special_room_vaults [special_room_orc], grunt_vaults_twisty,
          grunt_vaults_diagonal, v_misc_26, vaults_room_pools,
          nicolae_vaults_asterisk, v_misc_11, nicolae_vaults_tetromino_L_1,
          hangedman_vaults_slice, nicolae_vaults_storage_closets_3, v_rooms_4,
          vaults_dpeg_cross, layout_vaults_big_cross
Vaults:2: v_misc_1, ontoclasm_vaults_pinch,
          nicolae_vaults_offset_grid_hallway_1, vaults_dpeg_emergency_exit,
          vaults_mumra_minichess, nicolae_vaults_network_periphery,
          vaults_dpeg_encased_lava, v_rooms_3, grunt_vaults_funnel,
          vaults_room_corners, nicolae_vaults_little_squares_4,
          nicolae_vaults_diagonal_hallway_9, layout_vaults_maze_bifur,
          serial_shops, nicolae_shop_advertising_works
          [nicolae_subvault_shop_adworks]
Vaults:3: portal_desolation_entry_garden, nicolae_vaults_rhombus_6,
          minmay_crypt_entry_necro_gods, vaults_room_ringed_pool, v_misc_27,
          nicolae_vaults_trapezoid_lopsided_2, vaults_mumra_chevron_long,
          hangedman_vaults_cutoff, nicolae_vaults_ring_of_whatevers,
          nicolae_vaults_offset_grid_hallway_4,
          nicolae_vaults_taking_the_gang_shopping,
          nicolae_vaults_trapezoid_lopsided_3, layout_vaults_chaotic_city,
          serial_shops, shop
Vaults:4: hellmonk_ghost_happy_afterlife, hangedman_vaults_locks,
          nicolae_vaults_ellipses_ellipsis, nicolae_vaults_hallways_thing,
          nicolae_vaults_steering_wheel, v_misc_3, hangedman_vaults_stitches,
          nicolae_vaults_rhombus_5, nicolae_vaults_network_quinsquares
          [nicolae_vaults_network_quincunx_subvault,
          nicolae_vaults_network_quincunx_subvault,
          nicolae_vaults_network_quincunx_subvault,
          nicolae_vaults_network_quincunx_subvault],
          nicolae_vaults_shipping_containers_5, v_misc_17,
          nicolae_vaults_circle_grid_a, ontoclasm_vaults_fault,
          layout_vaults_omnibox
Vaults:5
Crypt:1:  layout_misc_corridors
Crypt:2:  layout_chaotic_city, minmay_misc_feat_columns,
          corexii_leaking_fountain, uniq_margery
Crypt:3:  david_glass_crypt, layout_chaotic_city, uniq_josephina
Tomb:1
Depths:1: layout_gridlike, abyss_entry_crystal, hell_entry, elyvilon_altar_4,
          minmay_shop_grove, serial_bayou_shore_b, firewood_loft, uniq_asterion
Depths:2: minmay_textured_paths, layout_honeycomb, rand_demon_pan_entry_5,
          hangedman_abyss_entry_splay, hell_entry, uniq_enchantress
Depths:3: gammafunk_sealed_library, layout_twisted_cross, enter_ziggurat_a,
          hell_entry, minmay_misc_feat_enclosed, abyss_entry
Depths:4: grunt_zot_entry_bicorn, layout_cave_pools, minmay_room_of_horrors,
          hangedman_tar_grid_catacomb, uniq_boris
Zot:1:    layout_concentric_octagons, regret_index_zotdec_silver_v_v_orig_slice,
          lemuel_flame_loot_1
Zot:2:    layout_basic, regret_index_zotdec_golden_two_three
Zig:7

Skill      XL: |  1  2  3  4  5  6  7  8  9 10 11 12 13 14 15 16 17 18 19 20 21 22 23 24 25 26 27 |
---------------+----------------------------------------------------------------------------------+-----
Armour         | 1 2 3 4 5 6 8 9 11 12 13 14 15 16 17 18 19 20 21 22 23 25 26 | 26.2
Fighting       | 4 5 6 7 8 10 11 12 14 15 16 17 18 19 20 21 22 23 24 25 26 27 | 27.0
Axes           | 5 6 7 9 10 12 13 15 16 17 19 20 21 22 23 24 25 26 27 | 27.0
Invocations    | 2 6 8 11 13 14 16 17 18 19 20 21 22 23 24 25 26 27 | 27.0
Shields        | 2 6 8 10 12 13 14 15 17 | 17.2
Evocations     | 5 8 10 | 10.6
Dodging        | 5 7 9 |  9.3

Action                     |  1- 3 |  4- 6 |  7- 9 | 10-12 | 13-15 | 16-18 | 19-21 | 22-24 | 25-27 || total
---------------------------+-------+-------+-------+-------+-------+-------+-------+-------+-------++-------
  Melee: Hand axe          |    44 |       |       |       |       |       |       |       |       ||    44
         Broad axe         |    26 |   140 |   260 |   631 |   854 |  1086 |  1005 |  1296 |  1041 ||  6339
         Headbutt          |       |       |       |       |       |       |       |   345 |   376 ||   721
 Invoke: Divine Shield     |       |       |     2 |     1 |       |     2 |     1 |       |       ||     6
         Summon Divine War |       |       |       |     1 |     6 |     8 |     7 |     6 |     4 ||    32
         Cleansing Flame   |       |       |       |       |     2 |     7 |     8 |     3 |     6 ||    26
         Brand Weapon With |       |       |       |       |       |     1 |       |       |       ||     1
  Evoke: Wand              |       |       |       |     3 |    13 |     2 |     1 |       |       ||    19
         Box of beasts     |       |       |       |       |     1 |       |       |       |       ||     1
         Lightning rod     |       |       |       |       |     2 |       |       |       |       ||     2
         Phantom mirror    |       |       |       |       |     1 |     1 |     1 |       |       ||     3
    Use: Scroll            |       |     3 |     4 |     2 |    15 |    24 |     7 |     9 |     7 ||    71
         Potion            |       |       |     7 |       |     5 |     2 |     7 |     1 |     5 ||    27
 Armour: Robe              |     9 |       |       |       |       |       |       |       |       ||     9
         Ring mail         |    30 |    85 |   214 |   477 |   793 |    86 |       |       |       ||  1685
         Chain mail        |       |       |       |       |       |   777 |       |       |       ||   777
         Storm dragon scal |       |       |       |       |       |    74 |   931 |    96 |       ||  1101
         Plate armour      |       |       |       |       |       |       |       |   893 |   973 ||  1866
  Dodge: Dodged            |    38 |   106 |   185 |   328 |   463 |   416 |   260 |   332 |   388 ||  2516
  Block: Kite shield       |       |       |       |       |       |   373 |   473 |   718 |   654 ||  2218
